 Dungeon Crawl Stone Soup version 0.22.1-1-ga44c0e5 (webtiles) character file.

105 brandon the Chopper (level 4, -12/41 HPs)
             Began as a Minotaur Berserker on Oct 2, 2018.
             Was a Believer of Trog.
             Killed by divine providence
             ... invoked by an orc priest
              (13 damage)
             ... on level 3 of the Dungeon.
             The game lasted 00:03:40 (1824 turns).

brandon the Chopper (Minotaur Berserker)            Turns: 1824, Time: 00:03:41

Health: -12/41     AC:  2    Str: 22    XL:     4   Next: 53%
Magic:  3/3        EV: 12    Int:  4    God:    Trog [**....]
Gold:   146        SH:  0    Dex: 10    Spells: 3/3 levels left

rFire    . . .     SeeInvis .   a - +0 hand axe
rCold    . . .     Gourm    .   (no shield)
rNeg     . . .     Faith    .   b - +0 animal skin
rPois    .         Spirit   .   (helmet restricted)
rElec    .         Reflect  .   (no cloak)
rCorr    .         Harm     .   (no gloves)
MR       .....                  (no boots)
Stlth    +.........             (no amulet)
HPRegen  0.13/turn              (no ring)
MPRegen  0.08/turn              (no ring)

@: berserk cooldown, slowed, very slow
A: retaliatory headbutt, horns 2
a: Berserk, Trog's Hand, Renounce Religion


You were on level 3 of the Dungeon.
You worshipped Trog.
Trog was pleased with you.
You were not hungry.

You visited 1 branch of the dungeon, and saw 3 of its levels.

You collected 146 gold pieces.

Inventory:

Hand Weapons
 a - a +0 hand axe (weapon)
Missiles
 g - 2 tomahawks (quivered)
Armour
 b - a +0 animal skin (worn)
Scrolls
 d - 3 scrolls of remove curse {unknown}
 f - a scroll of enchant armour {unknown}
 h - a scroll of immolation {unknown}
 l - a scroll of teleportation {unknown}
 o - a scroll of blinking {unknown}
Potions
 e - a potion of agility {unknown}
 i - a potion of magic {unknown}
 j - a potion of lignification {unknown}
 k - a potion of heal wounds {unknown}
 m - a potion of degeneration {unknown}
 n - a potion of brilliance {unknown}
 p - 2 potions of resistance {unknown}
Comestibles
 c - 4 rations


   Skills:
 + Level 4.5 Fighting
 * Level 5.0 Axes
 + Level 3.2 Armour
 + Level 2.9 Dodging


You had 3 spell levels left.
You didn't know any spells.
Your spell library was empty.

Dungeon Overview and Level Annotations

Branches:
Dungeon (3/15)

Altars:


Innate Abilities, Weirdness & Mutations

You reflexively headbutt those who attack you in melee.
You have a pair of horns on your head.


Message History

You kill the adder!
Trog accepts your kill.
Your Axes skill increases to level 5!
The orc priest hits you with a hand axe.
* * * LOW HITPOINT WARNING * * *
The orc priest closely misses you.
You hit the orc priest but do no damage.
The orc priest is heavily wounded.
You hit the orc. The orc hits you but does no damage.
The orc priest calls down the wrath of Beogh upon you.
Beogh smites you!
* * * LOW HITPOINT WARNING * * *
The orc hits you with a whip.
* * * LOW HITPOINT WARNING * * *
You barely miss the orc priest. You headbutt the orc priest.
The orc priest is almost dead.
You barely miss the orc.
The orc priest calls down the wrath of Beogh upon you.
Beogh smites you!
You die...

..##.. ##...##
...... ....... .##
#.#..#........ ....
#.#..#........ .
..##.#...........
#.##.....>. ...(.##
#..>...#.###.......
#.......o)<...#
#......@o<#.#......
##......###.# ##...
#......# ..# .
#..$...# #..
#....... #..
#....#.# #...
#....... #..?
#......#


You could see an orc priest and an orc.

Vanquished Creatures
  3 adders
  2 oozes
  A worm (D:2)
  A dart slug (D:1)
  2 leopard geckos (D:2)
  2 orcs (D:3)
  2 giant cockroaches
  6 goblins
  8 hobgoblins
  7 jackals
  A quokka (D:2)
  A ball python skeleton (D:2)
  7 bats
  3 frilled lizards
  6 kobolds
  5 rats
57 creatures vanquished.

Notes
Turn   | Place    | Note
-------+----------+-------------------------------------------
     0 | D:1      | brandon the Minotaur Berserker began the quest for the Orb.
     0 | D:1      | Reached XP level 1. HP: 19/19 MP: 0/0
   151 | D:1      | Reached skill level 4 in Axes
   151 | D:1      | Reached XP level 2. HP: 4/27 MP: 1/1
   744 | D:1      | Reached ** piety under Trog
   800 | D:1      | Reached XP level 3. HP: 33/33 MP: 2/2
  1346 | D:2      | Reached XP level 4. HP: 40/41 MP: 3/3
  1822 | D:3      | Reached skill level 5 in Axes
  1823 | D:3      | HP: 2/41 [orc priest/divine providence (7)]
  1824 | D:3      | Killed from afar by an orc priest

Skill      XL: |  1  2  3  4 |
---------------+-------------+-----
Axes           | 4 5 |  5.0
Fighting       | 4 |  4.5
Armour         | 3 |  3.2
Dodging        | |  2.9

Action                   |  1- 3 |  4- 6 || total
-------------------------+-------+-------++-------
Melee: Hand axe          |    78 |    24 ||   102
       Headbutt          |    12 |     4 ||    16
Invok: Berserk           |       |     2 ||     2
  Eat: Chunk             |     1 |       ||     1
       Ration            |       |     1 ||     1
Armor: Animal skin       |    21 |     4 ||    25
Dodge: Dodged            |    51 |    19 ||    70
